[Event "2nd Namma Bengaluru Open-A 2025"]
[Site "Bengaluru"]
[Date "2025.04.16"]
[Round "8.16"]
[White "Koustuv Dash"]
[Black "Sammed Jaykumar, Shete"]
[Result "1/2-1/2"]
[Annotator "RC"]
[ECO "E46"]
[WhiteElo "2131"]
[BlackElo "2391"]
[PlyCount "149"]
[EventDate "2025.04.10"]
[EventType "swiss"]
[EventCountry "IND"]
[SourceTitle "playchess.com"]
[Source "ChessBase"]
[SourceQuality "1"]
[TimeControl "5400+30"]

1. d4 Nf6 2. c4 e6 3. Nc3 Bb4 4. e3 O-O 5. Nge2 Re8 6. a3 Bf8 7. e4 d6 8. Ng3 c5 9. dxc5 dxc5 10. Qxd8 Rxd8 11. Be2 Nc6 12. O-O b6 13. Be3 Bb7 14. Rad1 Nd4 15. f3 Bd6 16. Rf2 Be5 17. Bf1 Nb3 18. Rxd8+ Rxd8 19. Rc2 h6 20. Kf2 g5 21. h3 Kg7 22. Nge2 Nh5 23. Nc1 Nd4 24. Rd2 Ba6 25. Nb3 Ng3 26. Nb5 Nxf1 27. Kxf1 Nc6 28. Rxd8 Nxd8 29. Bc1 Nc6 30. Ke2 f5 31. exf5 exf5 32. a4 Bc8 33. Nd2 a6 34. Na3 Nd4+ 35. Kd1 g4 36. hxg4 fxg4 37. Nc2 gxf3 38. Nxf3 Nxf3 39. gxf3 h5 40. Ke2 Kf7 41. b3 h4 42. Kf2 a5 43. f4 Bf6 44. Ne3 Bb7 45. Nd5 Bd8 46. Kf3 Kg6 47. Be3 Kf5 48. Bf2 Bc6 49. Be1 Bf6 50. Bd2 Bd8 51. Be1 h3 52. Kg3 Bh4+ 53. Kxh3 Bxe1 54. Ne7+ Kxf4 55. Nxc6 Ke4 56. Ne7 Kd3 57. Nd5 Kc2 58. Nxb6 Kxb3 59. Kg4 Bf2 60. Kf5 Bh4 61. Ke6 Bd8 62. Nd7 Kxa4 63. Nxc5+ Kb4 64. Kd5 Bb6 65. Na6+ Kc3 66. c5 Bd8 67. c6 a4 68. Kc5 a3 69. Nb4 Kb3 70. Kb5 Bc7 71. Nd3 Kc3 72. Nb4 Kb3 73. Nd3 Bd6 74. Nb4 Kb2 75. Ka4 1/2-1/2

[Event "2nd Namma Bengaluru Open-A 2025"]
[Site "Bengaluru"]
[Date "2025.04.16"]
[Round "8.17"]
[White "Vignesh B"]
[Black "Saravana, Krishnan P."]
[Result "0-1"]
[Annotator "RC"]
[ECO "B12"]
[WhiteElo "2191"]
[BlackElo "2177"]
[PlyCount "108"]
[EventDate "2025.04.10"]
[EventType "swiss"]
[EventCountry "IND"]
[SourceTitle "playchess.com"]
[Source "ChessBase"]
[SourceQuality "1"]
[TimeControl "5400+30"]

1. e4 c6 2. d4 d5 3. e5 Bf5 4. h4 a6 5. Nc3 h5 6. Bd3 Bxd3 7. Qxd3 e6 8. Bg5 Qc7 9. Nf3 Nd7 10. Ne2 c5 11. c4 dxc4 12. Qxc4 Ne7 13. O-O Nd5 14. dxc5 Qxc5 15. Qe4 Qb4 16. Ned4 Bc5 17. a3 Qb6 18. Rac1 O-O 19. b4 Bxd4 20. Nxd4 Rfc8 21. Nf5 exf5 22. Qxd5 Nf8 23. Qf3 g6 24. Rxc8 Rxc8 25. Rd1 Ne6 26. Bf6 Qc6 27. Qxc6 Rxc6 28. a4 Kf8 29. Rd7 Rc1+ 30. Kh2 Rc7 31. Rd5 Ke8 32. b5 a5 33. Rd1 Rc4 34. Rd6 Rd4 35. Rb6 Rd7 36. Bg5 Nc5 37. Be3 Ne6 38. Bg5 Nc5 39. Be3 Nxa4 40. Rf6 Re7 41. Rd6 Rd7 42. Rf6 Re7 43. Rd6 Re6 44. Rd4 Nb6 45. Bg5 Nd7 46. f4 f6 47. exf6 Nxf6 48. Kg1 Nd7 49. Rc4 Rb6 50. Rc1 Rxb5 51. Re1+ Kf8 52. Re6 a4 53. Rd6 Nc5 54. Rd8+ Kf7 0-1

[Event "2nd Namma Bengaluru Open-A 2025"]
[Site "Bengaluru"]
[Date "2025.04.16"]
[Round "8.18"]
[White "Ashwin Sairam"]
[Black "Manish Anto Cristiano F"]
[Result "1/2-1/2"]
[Annotator "RC"]
[ECO "B22"]
[WhiteElo "2074"]
[BlackElo "2361"]
[PlyCount "87"]
[EventDate "2025.04.10"]
[EventType "swiss"]
[EventCountry "IND"]
[SourceTitle "playchess.com"]
[Source "ChessBase"]
[SourceQuality "1"]
[TimeControl "5400+30"]

1. e4 c5 2. d4 cxd4 3. c3 Nf6 4. e5 Nd5 5. Nf3 Nc6 6. Bc4 Nb6 7. Bb3 d6 8. exd6 e6 9. cxd4 Bxd6 10. O-O O-O 11. Re1 Nd5 12. Nc3 Nxc3 13. bxc3 Bd7 14. Qd3 Be7 15. Bf4 Rc8 16. Rad1 Bf6 17. d5 exd5 18. Qxd5 Bg4 19. Bd6 Be6 20. Rxe6 fxe6 21. Qxe6+ Kh8 22. Bxf8 Qxf8 23. Bc2 Qg8 24. Qh3 Ne7 25. Nd4 g6 26. Qf3 Qf8 27. Ne6 Qf7 28. Rd8+ Rxd8 29. Nxd8 Qg7 30. Bb3 Nc6 31. Nf7+ Kg8 32. Nd6+ Kf8 33. Ne4 Ke7 34. Qh3 Nd8 35. Qc8 Kf8 36. Nc5 Qe7 37. Ne6+ Ke8 38. Nc7+ Kf8 39. Ne6+ Ke8 40. g4 b6 41. Nc7+ Kf8 42. Ne6+ Ke8 43. Nc7+ Kf8 44. Ne6+ 1/2-1/2

[Event "2nd Namma Bengaluru Open-A 2025"]
[Site "Bengaluru"]
[Date "2025.04.16"]
[Round "8.19"]
[White "Subhayan Kundu"]
[Black "Chinmay Kowshik"]
[Result "1-0"]
[Annotator "RC"]
[ECO "A31"]
[WhiteElo "2356"]
[BlackElo "2011"]
[PlyCount "81"]
[EventDate "2025.04.10"]
[EventType "swiss"]
[EventCountry "IND"]
[SourceTitle "playchess.com"]
[Source "ChessBase"]
[SourceQuality "1"]
[TimeControl "5400+30"]

1. e4 c5 2. Nf3 e6 3. d4 cxd4 4. Nxd4 a6 5. c4 Nf6 6. Nc3 Qc7 7. a3 d6 8. Be3 Nbd7 9. Be2 b6 10. O-O Bb7 11. f3 Be7 12. Qd2 O-O 13. b4 Rac8 14. Rac1 Qb8 15. Rfd1 Bd8 16. Nb3 Bc7 17. Bf4 Ne5 18. Bxe5 dxe5 19. Qe3 Rfd8 20. c5 b5 21. Na2 Rxd1+ 22. Rxd1 Rd8 23. Rc1 Bc6 24. Na5 Bxa5 25. bxa5 Qc7 26. Nb4 Nd7 27. Nxa6 Qxa5 28. Nb4 Nb8 29. Qc3 Qa7 30. Nxc6 Nxc6 31. Bxb5 Nd4 32. a4 Rb8 33. Qc4 Qa5 34. c6 Qd2 35. Qc3 Qg5 36. c7 Rc8 37. Kh1 Qf4 38. Rf1 Qh4 39. Ba6 g6 40. Bxc8 Ne2 41. Qe1 1-0

[Event "2nd Namma Bengaluru Open-A 2025"]
[Site "Bengaluru"]
[Date "2025.04.16"]
[Round "8.20"]
[White "Siddhanth Poonja"]
[Black "Venkatesh, M.R."]
[Result "0-1"]
[Annotator "RC"]
[ECO "A20"]
[WhiteElo "2046"]
[BlackElo "2355"]
[PlyCount "132"]
[EventDate "2025.04.10"]
[EventType "swiss"]
[EventCountry "IND"]
[SourceTitle "playchess.com"]
[Source "ChessBase"]
[SourceQuality "1"]
[TimeControl "5400+30"]

1. c4 e5 2. g3 Nf6 3. Bg2 c6 4. d4 e4 5. d5 Bb4+ 6. Bd2 Qe7 7. a3 Bxd2+ 8. Qxd2 cxd5 9. cxd5 d6 10. Nc3 O-O 11. Rc1 Nbd7 12. b4 Nb6 13. Qf4 Re8 14. Rd1 Bd7 15. Rd4 Rac8 16. Nxe4 Nfxd5 17. Qd2 Ba4 18. Nh3 Rc2 19. Qg5 Qxg5 20. Nhxg5 Rc1+ 21. Kd2 Rc2+ 22. Kd3 f5 23. Nxd6 Rexe2 24. Rd1 Ra2 25. Bxd5+ Nxd5 26. Rc1 Red2+ 27. Kc4 Nb6+ 28. Kc3 Rxf2 29. Nc4 g6 30. Nxb6 axb6 31. Rd8+ Kg7 32. Ne6+ Kf6 33. Nf4 Rxa3+ 34. Kc4 Bc6 35. Rd6+ Ke7 36. Re6+ Kf7 37. Ree1 Rxh2 38. b5 Be4 39. Kd4 Kf6 40. Rc3 Rd2+ 41. Kc4 Rxc3+ 42. Kxc3 Rf2 43. Kd4 Rf3 44. Ne2 Rd3+ 45. Kc4 Ke5 46. Ra1 Re3 47. Nc3 Rxg3 48. Ra8 Rxc3+ 49. Kxc3 h5 50. Rg8 f4 51. Re8+ Kf5 52. Kd4 Bg2 53. Kd3 h4 54. Ke2 h3 55. Kf2 g5 56. Rf8+ Kg4 57. Rh8 Be4 58. Rh6 f3 59. Rxb6 Kf4 60. Rf6+ Bf5 61. Rh6 g4 62. Rh4 h2 63. b6 Bd3 64. Rh3 gxh3 65. Ke1 Ke3 66. Kd1 h1=R# 0-1

[Event "2nd Namma Bengaluru Open-A 2025"]
[Site "Bengaluru"]
[Date "2025.04.16"]
[Round "8.21"]
[White "Karthikeyan, P.."]
[Black "Nandish V S"]
[Result "1-0"]
[Annotator "RC"]
[ECO "A22"]
[WhiteElo "2312"]
[BlackElo "2014"]
[PlyCount "83"]
[EventDate "2025.04.10"]
[EventType "swiss"]
[EventCountry "IND"]
[SourceTitle "playchess.com"]
[Source "ChessBase"]
[SourceQuality "1"]
[TimeControl "5400+30"]

1. d4 Nf6 2. c4 e6 3. Nc3 Bb4 4. g3 O-O 5. Bg2 Bxc3+ 6. bxc3 d6 7. Nf3 Nbd7 8. O-O e5 9. c5 Re8 10. cxd6 cxd6 11. a4 Qc7 12. Ba3 e4 13. Nd2 Qxc3 14. e3 d5 15. Qe2 Qc6 16. Rfc1 Qe6 17. a5 b6 18. Nb3 Nb8 19. axb6 axb6 20. Bb4 Ba6 21. Qb2 Nc6 22. Be1 h6 23. Ra3 Bc4 24. Rca1 Rxa3 25. Rxa3 Rb8 26. h3 Qc8 27. Qa1 b5 28. Qb2 b4 29. Ra1 Ra8 30. Rb1 Nd7 31. Qc1 Qb7 32. f3 f5 33. g4 Ra3 34. Nd2 Rc3 35. Qxc3 bxc3 36. Rxb7 cxd2 37. Bxd2 Nf6 38. gxf5 exf3 39. Bxf3 Kh7 40. Rc7 Nd8 41. Be1 Bd3 42. Bh4 1-0

[Event "2nd Namma Bengaluru Open-A 2025"]
[Site "Bengaluru"]
[Date "2025.04.16"]
[Round "8.22"]
[White "Sharnarthi Viresh"]
[Black "Ayush Sharma"]
[Result "0-1"]
[Annotator "RC"]
[ECO "E10"]
[WhiteElo "2232"]
[BlackElo "2485"]
[PlyCount "120"]
[EventDate "2025.04.10"]
[EventType "swiss"]
[EventCountry "IND"]
[SourceTitle "playchess.com"]
[Source "ChessBase"]
[SourceQuality "1"]
[TimeControl "5400+30"]

1. d4 Nf6 2. c4 e6 3. Nf3 a6 4. g3 b5 5. Bg2 Bb7 6. c5 d6 7. cxd6 Bxd6 8. O-O O-O 9. b3 Nbd7 10. Bb2 Rc8 11. Nbd2 c5 12. Rc1 Qe7 13. Ne5 Bxg2 14. Kxg2 Rfd8 15. e3 cxd4 16. exd4 Rxc1 17. Qxc1 Qe8 18. Ndf3 Rc8 19. Qb1 h6 20. Rc1 Nd5 21. Nd3 Rxc1 22. Qxc1 Qa8 23. Qd1 Nb4 24. Ba3 Nxd3 25. Bxd6 Qe4 26. Kf1 Nf6 27. Qe2 Nc1 28. Qxe4 Nxe4 29. Ba3 Nxa2 30. Ke2 Nec3+ 31. Kd3 Nd5 32. Bd6 f6 33. g4 Kf7 34. h4 g6 35. g5 Nab4+ 36. Kd2 fxg5 37. hxg5 h5 38. Ne5+ Kg7 39. Nd7 Nc6 40. Nc5 Kf7 41. Nxa6 Nxd4 42. b4 Nf3+ 43. Kd3 h4 44. Ke2 Nxg5 45. Nc5 Kf6 46. f4 Nf7 47. Ne4+ Kf5 48. Kf3 g5 49. fxg5 Nxg5+ 50. Nxg5 Kxg5 51. Ke4 Kg4 52. Kd4 h3 53. Bh2 Nxb4 54. Kc5 Nd3+ 55. Kxb5 Ne1 56. Kc5 Nf3 57. Kd6 Nxh2 58. Kxe6 Nf3 59. Kf7 h2 60. Kg7 h1=Q 0-1

[Event "2nd Namma Bengaluru Open-A 2025"]
[Site "Bengaluru"]
[Date "2025.04.16"]
[Round "8.23"]
[White "Neelash Saha"]
[Black "Mehta Naitik R"]
[Result "0-1"]
[Annotator "RC"]
[ECO "E46"]
[WhiteElo "2460"]
[BlackElo "2227"]
[PlyCount "98"]
[EventDate "2025.04.10"]
[EventType "swiss"]
[EventCountry "IND"]
[SourceTitle "playchess.com"]
[Source "ChessBase"]
[SourceQuality "1"]
[TimeControl "5400+30"]

1. d4 Nf6 2. c4 e6 3. Nc3 Bb4 4. e3 O-O 5. Nge2 Re8 6. a3 Bf8 7. Ng3 d5 8. Be2 b6 9. O-O Bb7 10. Qc2 c5 11. dxc5 bxc5 12. cxd5 exd5 13. Rd1 Nbd7 14. b3 Rc8 15. Bb2 d4 16. Na4 dxe3 17. fxe3 Rxe3 18. Bc4 Qc7 19. Qf2 Rce8 20. Bc1 R3e7 21. Bf4 Qc6 22. Nc3 Ng4 23. Qf1 Qf6 24. h3 Nge5 25. Nd5 Bxd5 26. Bxd5 Nb6 27. Ne4 Qg6 28. Nxc5 Rc7 29. b4 Bxc5+ 30. bxc5 Rxc5 31. Ba2 h6 32. Rd2 Ned7 33. Rad1 Nf6 34. Bb1 Qh5 35. g4 Qh4 36. Rd3 Nbd5 37. Bd6 Rc3 38. Bg3 Qg5 39. Qf3 Rxd3 40. Rxd3 h5 41. Ba2 hxg4 42. hxg4 Ne3 43. Rd7 Nc4 44. Rd1 Nxg4 45. Bxc4 Qc5+ 46. Bf2 Qxc4 47. Rd4 Qc1+ 48. Rd1 Qg5 49. Qg3 Nxf2 0-1

[Event "2nd Namma Bengaluru Open-A 2025"]
[Site "Bengaluru"]
[Date "2025.04.16"]
[Round "8.24"]
[White "Aarav A"]
[Black "Savchenko, Boris"]
[Result "0-1"]
[Annotator "RC"]
[ECO "B22"]
[WhiteElo "2243"]
[BlackElo "2459"]
[PlyCount "88"]
[EventDate "2025.04.10"]
[EventType "swiss"]
[EventCountry "IND"]
[SourceTitle "playchess.com"]
[Source "ChessBase"]
[SourceQuality "1"]
[TimeControl "5400+30"]

1. e4 c5 2. c3 Nf6 3. e5 Nd5 4. Nf3 Nc6 5. Bc4 Nb6 6. Bb3 c4 7. Bc2 d5 8. exd6 Qxd6 9. O-O Bg4 10. Re1 Bh5 11. b3 e6 12. Qe2 cxb3 13. axb3 Qc7 14. h3 Be7 15. Na3 O-O 16. d4 Nd5 17. Bd2 Bxa3 18. Rxa3 Nxd4 19. Bxh7+ Kxh7 20. Ng5+ Kg8 21. Qxh5 Nf6 22. Qd1 Nb5 23. Ra1 Rfd8 24. c4 Nd4 25. Bc3 Qf4 26. Nf3 Nxf3+ 27. Qxf3 Qxf3 28. gxf3 Ne8 29. Red1 a6 30. Ba5 Rdc8 31. Bb6 Rc6 32. Be3 Rac8 33. Rd7 R6c7 34. Rad1 Nf6 35. R7d6 b5 36. cxb5 axb5 37. Rb6 Nd5 38. Rxb5 Nc3 39. Bf4 Ne2+ 40. Kh2 Nxf4 41. Rg5 Rc2 42. Kg3 f6 43. Rb5 Ne2+ 44. Kh4 Nc3 0-1

[Event "2nd Namma Bengaluru Open-A 2025"]
[Site "Bengaluru"]
[Date "2025.04.16"]
[Round "8.25"]
[White "Kaustuv, Kundu"]
[Black "Aarav Sinha"]
[Result "0-1"]
[Annotator "RC"]
[ECO "E18"]
[WhiteElo "2407"]
[BlackElo "2187"]
[PlyCount "118"]
[EventDate "2025.04.10"]
[EventType "swiss"]
[EventCountry "IND"]
[SourceTitle "playchess.com"]
[Source "ChessBase"]
[SourceQuality "1"]
[TimeControl "5400+30"]

1. c4 e6 2. g3 d5 3. Bg2 Nf6 4. Nf3 Be7 5. O-O O-O 6. b3 b6 7. Nc3 Bb7 8. d4 c5 9. dxc5 Bxc5 10. cxd5 Nxd5 11. Bb2 Nd7 12. Ne4 Be7 13. Qd4 N5f6 14. Ne5 Nxe5 15. Qxe5 Bxe4 16. Bxe4 Bd6 17. Qd4 Bc5 18. Qxd8 Raxd8 19. Bf3 Bd4 20. Rab1 Bxb2 21. Rxb2 Rc8 22. Rd1 Rfe8 23. Rbd2 Kf8 24. Bb7 Rb8 25. Ba6 Nd5 26. Rc1 Nb4 27. Bb5 Rec8 28. Rcd1 Nd5 29. Ba6 Rc7 30. e4 Nc3 31. Rc2 b5 32. Rdc1 Ne2+ 33. Kg2 Nxc1 34. Rxc7 Nxa2 35. Rxa7 Nc1 36. Rc7 Nxb3 37. f4 Nd2 38. e5 b4 39. f5 exf5 40. Rd7 Ne4 41. Bc4 Ng5 42. Bb3 Ne6 43. Rd5 Ke7 44. Kf2 Rd8 45. Rb5 Nd4 46. Rxb4 Nxb3 47. Rxb3 Rd2+ 48. Kg1 Re2 49. h4 Rxe5 50. Kf2 Rd5 51. Kf3 g6 52. Rb8 Kf6 53. Rh8 Kg7 54. Rb8 h6 55. Rb6 g5 56. hxg5 hxg5 57. Ra6 Rd3+ 58. Kf2 Rb3 59. Kg2 Rb4 0-1

[Event "2nd Namma Bengaluru Open-A 2025"]
[Site "Bengaluru"]
[Date "2025.04.16"]
[Round "8.25"]
[White "Kaustuv, Kundu"]
[Black "Aarav Sinha"]
[Result "*"]
[Annotator "RC"]
[ECO "E18"]
[WhiteElo "2407"]
[BlackElo "2187"]
[PlyCount "38"]
[EventDate "2025.04.10"]
[EventType "swiss"]
[EventCountry "IND"]
[SourceTitle "playchess.com"]
[Source "ChessBase"]
[SourceQuality "1"]
[TimeControl "5400+30"]

1. c4 e6 2. g3 d5 3. Bg2 Nf6 4. Nf3 Be7 5. O-O O-O 6. b3 b6 7. Nc3 Bb7 8. d4 c5 9. dxc5 Bxc5 10. cxd5 Nxd5 11. Bb2 Nd7 12. Ne4 Be7 13. Qd4 N5f6 14. Ne5 Nxe5 15. Qxe5 Bxe4 16. Bxe4 Bd6 17. Qd4 Bc5 18. Qd5 Qd7 19. Qxd7 Rad8 *

[Event "2nd Namma Bengaluru Open-A 2025"]
[Site "Bengaluru"]
[Date "2025.04.16"]
[Round "8.26"]
[White "Varun, Vij"]
[Black "Deepan Chakkravarthy J."]
[Result "1/2-1/2"]
[Annotator "RC"]
[ECO "B51"]
[WhiteElo "1978"]
[BlackElo "2394"]
[PlyCount "61"]
[EventDate "2025.04.10"]
[EventType "swiss"]
[EventCountry "IND"]
[SourceTitle "playchess.com"]
[Source "ChessBase"]
[SourceQuality "1"]
[TimeControl "5400+30"]

1. e4 c5 2. Nf3 d6 3. Bb5+ Nd7 4. c3 a6 5. Ba4 Ngf6 6. Qe2 b5 7. Bc2 e5 8. d4 Be7 9. O-O O-O 10. Rd1 Qc7 11. a4 Rb8 12. axb5 axb5 13. h3 Re8 14. Be3 Bf8 15. d5 c4 16. Ra7 Rb7 17. Na3 Qb8 18. Ra5 Nc5 19. Bxc5 dxc5 20. Ra1 Bd7 21. Nb1 Bd6 22. Nbd2 Nh5 23. Nf1 Nf4 24. Qd1 g6 25. Ne3 Kg7 26. h4 Nh5 27. Ra6 Rb6 28. Ra7 Rb7 29. R7a6 Rb6 30. Ra7 Rb7 31. R7a6 1/2-1/2

[Event "2nd Namma Bengaluru Open-A 2025"]
[Site "Bengaluru"]
[Date "2025.04.16"]
[Round "8.27"]
[White "Arnav Agrawal"]
[Black "Schekachikhin, Maksim"]
[Result "0-1"]
[Annotator "RC"]
[ECO "E32"]
[WhiteElo "2194"]
[BlackElo "2370"]
[PlyCount "74"]
[EventDate "2025.04.10"]
[EventType "swiss"]
[EventCountry "IND"]
[SourceTitle "playchess.com"]
[Source "ChessBase"]
[SourceQuality "1"]
[TimeControl "5400+30"]

1. d4 Nf6 2. c4 e6 3. Nc3 Bb4 4. Qc2 h6 5. Nf3 c5 6. dxc5 Na6 7. g3 Nxc5 8. Bg2 Nce4 9. O-O Bxc3 10. bxc3 O-O 11. Nd4 d5 12. cxd5 exd5 13. c4 dxc4 14. Rd1 Re8 15. Bf4 Qd5 16. Rab1 Qh5 17. Rb5 g5 18. f3 a6 19. Re5 Bh3 20. Qxc4 Bxg2 21. Kxg2 Nf2 22. Rf1 Qh3+ 23. Kg1 gxf4 24. Rxe8+ Rxe8 25. Rxf2 Rc8 26. Nc6 Rxc6 27. Qxf4 Nd5 28. Qd2 Qe6 29. e4 Ne7 30. Qd8+ Kg7 31. Rd2 Ng6 32. Kg2 b5 33. h4 Qf6 34. Qb8 Rc3 35. f4 Qe6 36. h5 Nh4+ 37. Kf2 Rf3+ 0-1

[Event "2nd Namma Bengaluru Open-A 2025"]
[Site "Bengaluru"]
[Date "2025.04.16"]
[Round "8.28"]
[White "Shahil Dey"]
[Black "Singh, S. Vikramjit"]
[Result "1-0"]
[Annotator "RC"]
[ECO "C24"]
[WhiteElo "2360"]
[BlackElo "2165"]
[PlyCount "139"]
[EventDate "2025.04.10"]
[EventType "swiss"]
[EventCountry "IND"]
[SourceTitle "playchess.com"]
[Source "ChessBase"]
[SourceQuality "1"]
[TimeControl "5400+30"]

1. e4 e5 2. Bc4 Nf6 3. d3 c6 4. Nf3 d5 5. Bb3 Nbd7 6. O-O Bd6 7. exd5 Nxd5 8. Bg5 Qc7 9. Nbd2 O-O 10. Ne4 Nc5 11. Nxc5 Bxc5 12. h3 Re8 13. Qd2 Bf5 14. Rfe1 h6 15. Bh4 e4 16. dxe4 Bxe4 17. Nd4 Qf4 18. Qxf4 Nxf4 19. Ne6 Nxe6 20. Rxe4 Nd4 21. Rae1 Rxe4 22. Rxe4 Nxb3 23. axb3 f6 24. Kf1 Rd8 25. Ke2 Rd4 26. Rxd4 Bxd4 27. c3 Bb6 28. g4 Kf7 29. f4 g6 30. f5 Bc7 31. Bf2 a6 32. Kf3 gxf5 33. gxf5 h5 34. Ke4 Bd6 35. Bb6 Be5 36. b4 Bg3 37. Kd3 Bd6 38. Kc4 Ke8 39. Kd4 Bf4 40. Ke4 Bg3 41. Bd4 Ke7 42. Bc5+ Ke8 43. b3 Bc7 44. Be3 b5 45. Bf4 Bb6 46. Kf3 Kf7 47. Kg3 Bg1 48. Bd2 Bb6 49. Kh4 Bc7 50. Kxh5 Be5 51. Kg4 Kg7 52. h4 Kf7 53. h5 Kg7 54. Kf3 Kf7 55. Ke4 Kg7 56. Kd3 Kf7 57. Bh6 Bc7 58. Be3 Bd6 59. Kd4 Bf8 60. Bf4 Be7 61. Ke4 Bf8 62. Kf3 Be7 63. Kg4 Kg7 64. Kh4 Kh7 65. h6 Bf8 66. Kh5 Be7 67. Bc7 Bf8 68. Bd8 Bxh6 69. Bxf6 Be3 70. Be5 1-0

[Event "2nd Namma Bengaluru Open-A 2025"]
[Site "Bengaluru"]
[Date "2025.04.16"]
[Round "8.29"]
[White "Tologon tegin, Semetei"]
[Black "Sherla Prathamesh"]
[Result "0-1"]
[Annotator "RC"]
[ECO "A40"]
[WhiteElo "2358"]
[BlackElo "2157"]
[PlyCount "114"]
[EventDate "2025.04.10"]
[EventType "swiss"]
[EventCountry "IND"]
[SourceTitle "playchess.com"]
[Source "ChessBase"]
[SourceQuality "1"]
[TimeControl "5400+30"]

1. c4 e6 2. Nc3 f5 3. a3 Nf6 4. d4 b6 5. Nf3 Bb7 6. d5 Bd6 7. g3 c6 8. Bg5 O-O 9. Bg2 exd5 10. cxd5 h6 11. dxc6 dxc6 12. Qb3+ Kh7 13. O-O-O Qc7 14. h4 Na6 15. Qe6 Nd5 16. h5 Rae8 17. Qg6+ Kh8 18. Bxh6 gxh6 19. Qxh6+ Qh7 20. Qxd6 Rf6 21. Rxd5 Qh6+ 22. Qf4 Qxf4+ 23. gxf4 cxd5 24. Ne5 Rd8 25. Nb5 Nc5 26. Nd4 Ne4 27. f3 Rc8+ 28. Kb1 Nd2+ 29. Ka2 Nc4 30. Bh3 Ne3 31. Rg1 Rc7 32. Rg5 Bc8 33. Kb3 Kh7 34. Nb5 Rc2 35. Nxa7 Be6 36. Nac6 d4+ 37. Ka4 Rxc6 38. Nxc6 Bd7 39. Rg6 Bxc6+ 40. Kb4 Rxg6 41. hxg6+ Kxg6 42. a4 Nd5+ 43. Kc4 Nxf4 44. Bf1 Ne6 45. Kb4 Kg5 46. a5 bxa5+ 47. Kxa5 Kf4 48. b4 Kg3 49. b5 Ba8 50. Kb4 Ng5 51. Kc4 Ne6 52. Kd3 Kf2 53. Bh3 Nf4+ 54. Kxd4 Nxh3 55. e4 f4 56. b6 Kxf3 57. e5 Ng5 0-1

[Event "2nd Namma Bengaluru Open-A 2025"]
[Site "Bengaluru"]
[Date "2025.04.16"]
[Round "8.30"]
[White "Roy Chowdhury, Saptarshi"]
[Black "John Veny Akkarakaran"]
[Result "1/2-1/2"]
[Annotator "RC"]
[ECO "D05"]
[WhiteElo "2224"]
[BlackElo "2350"]
[PlyCount "77"]
[EventDate "2025.04.10"]
[EventType "swiss"]
[EventCountry "IND"]
[SourceTitle "playchess.com"]
[Source "ChessBase"]
[SourceQuality "1"]
[TimeControl "5400+30"]

1. Nf3 Nf6 2. d4 e6 3. e3 b6 4. Bd3 Bb7 5. O-O d5 6. b3 Bd6 7. Bb2 O-O 8. Ne5 c5 9. Nd2 Nc6 10. a3 Rc8 11. Qe2 Ne7 12. dxc5 Bxe5 13. Bxe5 Nd7 14. Bb2 Nxc5 15. f4 Nxd3 16. Qxd3 Nf5 17. Nf3 Re8 18. Rad1 h5 19. Nd4 Qf6 20. Rf2 Nxd4 21. Bxd4 Qf5 22. Qxf5 exf5 23. Kf1 f6 24. Ke1 Kf7 25. Kd2 Re6 26. a4 Rec6 27. c3 a6 28. Ra1 Rh8 29. Rff1 Bc8 30. Rfb1 Be6 31. Rg1 Rd6 32. Ke2 Re8 33. Kd2 Bd7 34. Kc2 g5 35. g3 Kg6 36. Rg2 Rc6 37. Kd2 Rb8 38. b4 Re6 39. Rf2 1/2-1/2